 Dungeon Crawl Stone Soup version 0.16-a0-3149-g1169300 (webtiles) character file.

84 Johnny the Bolt Thrower (level 4, -4/34 HPs)
             Began as a Human Hunter on Dec 14, 2014.
             Slain by Terence
             ... wielding a +0 falchion
              (7 damage)
             ... on level 3 of the Dungeon.
             The game lasted 00:02:35 (1869 turns).

Johnny the Bolt Thrower (Human Hunter)              Turns: 1869, Time: 00:02:35

Health: -4/34      AC:  5    Str: 12    XL:     4   Next: 74%
Magic:  4/4        EV: 12    Int: 11    God:
Gold:   117        SH:  0    Dex: 15    Spells: 0 memorised, 3 levels left

rFire  . . .     SeeInvis .     b - +1 hand crossbow
rCold  . . .     Clarity  .     d - +0 leather armour
rNeg   . . .     SustAb   .     (no shield)
rPois  .         Gourm    .     q - +0 helmet
rElec  .         Spirit   .     (no cloak)
rCorr  .         Warding  .     (no gloves)
rMut   .         Stasis   .     t - +0 pair of boots
MR     .....                    (no amulet)
Stlth  ++........               (no ring)
                                (no ring)

@: not resistant to hostile enchantments, unstealthy
A: no striking features
a: no special abilities


You were on level 3 of the Dungeon.
You were near starving.

You visited 1 branch of the dungeon, and saw 3 of its levels.

You collected 117 gold pieces.

Inventory:

Hand weapons
 a - a +0 short sword
 b - a +1 hand crossbow (weapon)
 p - a +0 dagger
Armour
 d - a +0 leather armour (worn)
 q - a +0 helmet (worn)
 t - a +0 pair of boots (worn)
Jewellery
 u - a cursed -3 ring of dexterity {unknown}
Scrolls
 e - a scroll of fear {unknown}
 g - a scroll of remove curse {unknown}
 i - 3 scrolls of recharging {unknown}
 j - 3 scrolls of identify {unknown}
 k - a scroll of enchant weapon {unknown}
 n - 2 scrolls of teleportation {unknown}
 s - a scroll of blinking {unknown}
Potions
 h - a potion of curing {unknown}
 r - a potion of lignification {unknown}
Comestibles
 f - 5 bread rations
 l - a meat ration
 m - 2 slices of pizza
 o - a beef jerky


   Skills:
 + Level 2.8 Fighting
 * Level 5.1 Crossbows
 + Level 2.6 Dodging
 - Level 1.0 Stealth


You had 3 spell levels left.
You didn't know any spells.

Dungeon Overview and Level Annotations

Branches:
Dungeon (3/15)

Altars:
Ru

Annotations:
D:3 Terence


Message History

Terence hits you but does no damage.
Firing (i - inventory):
c - 3 bolts (quivered)
Press: ? - help, Shift-Dir - straight line, f/p - Terence
Aim: Terence, wielding a falchion, wearing a ring mail and carrying a wand of frost {zapped: 3} (almost dead)
You shoot a bolt.
The bolt hits Terence but does no damage.
Terence is almost dead.
Terence zaps a wand.
The puff of frost hits you!
* * * LOW HITPOINT WARNING * * *
Firing (i - inventory):
c - 2 bolts (quivered)
Press: ? - help, Shift-Dir - straight line, f/p - Terence
Aim: Terence, wielding a falchion, wearing a ring mail and carrying a wand of frost {zapped: 4} (almost dead)
You shoot a bolt. The bolt barely misses Terence.
Terence zaps a wand.
The puff of frost hits you!
Firing (i - inventory):
c - a bolt (quivered)
Press: ? - help, Shift-Dir - straight line, f/p - Terence
Aim: Terence, wielding a falchion, wearing a ring mail and carrying a wand of frost {zapped: 5} (almost dead)
You shoot a bolt. The bolt closely misses Terence.
Terence hits you with a falchion!
You die...

..# #.# #.# #.####
.....# ..##.# ..##.#
####
..##(############...#
..##..(.........@.#
..###############@..#
..# #(## ..# (# ..# #
..# ..# #.# #.#


You could see Terence.

Vanquished Creatures
  Ijyb (D:3)
  An adder (D:3)
  A worm (D:2)
  2 giant geckos (D:3)
  2 orcs (D:3)
  A ball python (D:1)
  3 bats
  3 giant cockroaches
  6 hobgoblins
  2 jackals (D:2)
  3 giant newts
  11 goblins
  5 kobolds
  8 rats
49 creatures vanquished.

Notes
Turn   | Place    | Note
--------------------------------------------------------------
     0 | D:1      | Johnny, the Human Hunter, began the quest for the Orb.
     0 | D:1      | Reached XP level 1. HP: 16/16 MP: 1/1
   343 | D:1      | Reached XP level 2. HP: 22/22 MP: 2/2
   789 | D:2      | Reached XP level 3. HP: 26/28 MP: 3/3
   853 | D:2      | Found a sacrificial altar of Ru.
  1458 | D:3      | Reached XP level 4. HP: 34/34 MP: 4/4
  1512 | D:3      | Noticed Ijyb
  1519 | D:3      | Killed Ijyb
  1526 | D:3      | Reached skill level 5 in Crossbows
  1860 | D:3      | Noticed Terence
  1869 | D:3      | Slain by Terence

Action                   |  1- 3 |  4- 6 || total
-------------------------+-------+-------++-------
Melee: Short sword       |       |     7 ||     7
 Fire: Hand crossbow     |    76 |    34 ||   110
 Stab: Sleeping          |       |     1 ||     1
  Eat: Chunk             |       |     1 ||     1
